[Event "SWE-ch 2018"]
[Site "Ronneby"]
[Date "2018.06.30"]
[Round "1"]
[White "Westerberg, Jonathan"]
[Black "Von Bahr, Oskar"]
[Result "1/2-1/2"]
[ECO "D78"]
[WhiteElo "2517"]
[BlackElo "2432"]
[Annotator "ChessBase"]
[PlyCount "81"]
[EventDate "2018.06.30"]
[EventType "tourn"]
[EventCountry "SWE"]
[SourceTitle "playchess.com"]
[Source "ChessBase"]
[SourceQuality "1"]
[TimeControl "40/5400+30:1800+30"]

1. d4 Nf6 2. Nf3 g6 3. g3 Bg7 4. Bg2 d5 5. O-O O-O 6. c4 c6 7. Ne5 c5 8. e3 cxd4 9. exd4 Nc6 10. Nc3 dxc4 11. Nxc6 bxc6 12. Qa4 Be6 13. Bxc6 Rc8 14. Bg2 Nd5 15. Qxa7 Ra8 16. Qb7 Rb8 17. Qc6 Nb4 18. Qa4 Nd3 19. d5 Bd7 20. Qxc4 Nxb2 21. Bxb2 Rxb2 22. Rab1 Rc2 23. Rfc1 Rxc1+ 24. Rxc1 Qa5 25. Ne4 Rc8 26. Qf1 Qxa2 27. Rxc8+ Bxc8 28. Qd1 Qa1 29. Qxa1 Bxa1 30. d6 exd6 31. Nxd6 Be6 32. h4 Be5 33. Ne4 Bf5 34. Bf3 Bxe4 35. Bxe4 h5 36. Kg2 Kg7 37. f4 Bc7 38. f5 Kf6 39. fxg6 fxg6 40. Kh3 Ba5 41. g4 1/2-1/2

[Event "SWE-ch 2018"]
[Site "Ronneby"]
[Date "2018.06.30"]
[Round "1"]
[White "Hector, Jonny"]
[Black "Cramling, Pia"]
[Result "1-0"]
[ECO "B48"]
[WhiteElo "2499"]
[BlackElo "2452"]
[Annotator "ChessBase"]
[PlyCount "81"]
[EventDate "2018.06.30"]
[EventType "tourn"]
[EventCountry "SWE"]
[SourceTitle "playchess.com"]
[Source "ChessBase"]
[SourceQuality "1"]
[TimeControl "40/5400+30:1800+30"]

1. e4 c5 2. Nf3 e6 3. d4 cxd4 4. Nxd4 Nc6 5. Nc3 Qc7 6. Be3 a6 7. Qf3 Nf6 8. O-O-O Ne5 9. Qg3 b5 10. f4 Neg4 11. Bd2 h5 12. h3 b4 13. Nd5 exd5 14. hxg4 dxe4 15. g5 Ng4 16. Qb3 Bb7 17. Bxb4 Bxb4 18. Qxb4 Qxf4+ 19. Kb1 Rb8 20. g3 Qe5 21. Bh3 Bd5 22. Qa3 Nf2 23. Nf5 Nxd1 24. Rxd1 Bc6 25. Nd6+ Kf8 26. Rf1 Qe7 27. Rxf7+ Qxf7 28. Nxf7+ Kxf7 29. Qd6 Rhe8 30. Bf1 Bb5 31. g6+ Kg8 32. Qd5+ Re6 33. Bh3 Rbe8 34. Bxe6+ dxe6 35. Qxh5 e3 36. Qh7+ Kf8 37. Qh8+ Ke7 38. Qxg7+ Kd6 39. Qd4+ Ke7 40. Qa7+ Bd7 41. Qxe3 1-0

[Event "SWE-ch 2018"]
[Site "Ronneby"]
[Date "2018.06.30"]
[Round "1"]
[White "Tikkanen, Hans"]
[Black "Smith, Axel"]
[Result "1/2-1/2"]
[ECO "D00"]
[WhiteElo "2495"]
[BlackElo "2491"]
[Annotator "ChessBase"]
[PlyCount "68"]
[EventDate "2018.06.30"]
[EventType "tourn"]
[EventCountry "SWE"]
[SourceTitle "playchess.com"]
[Source "ChessBase"]
[SourceQuality "1"]
[TimeControl "40/5400+30:1800+30"]

1. d4 d5 2. Bf4 c5 3. e3 Nc6 4. Nf3 Nf6 5. Nbd2 Bg4 6. h3 Bxf3 7. Nxf3 cxd4 8. exd4 e6 9. c3 Bd6 10. Bxd6 Qxd6 11. Bd3 O-O 12. O-O Rfe8 13. Re1 e5 14. dxe5 Nxe5 15. Nxe5 Rxe5 16. Rxe5 Qxe5 17. Qe1 Qxe1+ 18. Rxe1 Kf8 19. Kf1 Re8 20. Rxe8+ Kxe8 21. Ke2 Ke7 22. Ke3 Kd6 23. g4 h6 24. f4 g5 25. Bf1 Ng8 26. c4 Ne7 27. fxg5 hxg5 28. cxd5 Ke5 29. d6 Kxd6 30. Kd4 a5 31. Bd3 Nc6+ 32. Ke4 Ne7 33. Kd4 Nc6+ 34. Ke4 Ne7 1/2-1/2

[Event "SWE-ch 2018"]
[Site "Ronneby"]
[Date "2018.06.30"]
[Round "1"]
[White "Seo, Jung Min"]
[Black "Hillarp Persson, Tiger"]
[Result "1/2-1/2"]
[ECO "A62"]
[WhiteElo "2347"]
[BlackElo "2546"]
[Annotator "ChessBase"]
[PlyCount "82"]
[EventDate "2018.06.30"]
[EventType "tourn"]
[EventCountry "SWE"]
[SourceTitle "playchess.com"]
[Source "ChessBase"]
[SourceQuality "1"]
[TimeControl "40/5400+30:1800+30"]

1. d4 Nf6 2. Nf3 g6 3. g3 c5 4. d5 d6 5. c4 e6 6. Nc3 exd5 7. cxd5 Bg7 8. Bg2 O-O 9. O-O Na6 10. Bf4 Re8 11. Nd2 Nh5 12. Be3 Nc7 13. a4 b6 14. Nc4 Ba6 15. Qb3 Bxc4 16. Qxc4 a6 17. Bf3 Rxe3 18. fxe3 Nf6 19. Qb3 Nd7 20. e4 h5 21. h4 Ne8 22. Kg2 Ne5 23. e3 Nf6 24. Be2 Nfd7 25. Rf4 c4 26. Bxc4 Nc5 27. Qa2 Rc8 28. Raf1 Bh6 29. Be2 Qe8 30. Rd1 Bxf4 31. exf4 Ng4 32. Bxg4 hxg4 33. Qc4 b5 34. axb5 axb5 35. Qb4 f5 36. Qxb5 Qxb5 37. Nxb5 Nxe4 38. Nc3 Nxc3 39. bxc3 Rxc3 40. Re1 Kf7 41. Re6 Rc2+ 1/2-1/2

[Event "SWE-ch 2018"]
[Site "Ronneby"]
[Date "2018.07.01"]
[Round "2"]
[White "Hillarp Persson, Tiger"]
[Black "Hector, Jonny"]
[Result "1/2-1/2"]
[ECO "A21"]
[WhiteElo "2546"]
[BlackElo "2499"]
[Annotator "ChessBase"]
[PlyCount "62"]
[EventDate "2018.06.30"]
[EventType "tourn"]
[EventCountry "SWE"]
[SourceTitle "playchess.com"]
[Source "ChessBase"]
[SourceQuality "1"]
[TimeControl "40/5400+30:1800+30"]

1. c4 e5 2. Nc3 Bb4 3. Nd5 a5 4. Nf3 d6 5. a3 c6 6. axb4 cxd5 7. cxd5 Nf6 8. d3 Nxd5 9. Bd2 Nc6 10. bxa5 O-O 11. g3 b6 12. axb6 Rxa1 13. Qxa1 Ndb4 14. Bxb4 Nxb4 15. Qa5 Nc6 16. Qb5 Bb7 17. Bh3 Nd4 18. Nxd4 Bxh1 19. Nc6 Bxc6 20. Qxc6 f5 21. e4 fxe4 22. dxe4 Qf6 23. Qc2 d5 24. b7 Qb6 25. Qc8 Qxf2+ 26. Kd1 Qd4+ 27. Kc1 Qe3+ 28. Kd1 Qb3+ 29. Kc1 Qe3+ 30. Kd1 Qd4+ 31. Kc1 Qe3+ 1/2-1/2

[Event "SWE-ch 2018"]
[Site "Ronneby"]
[Date "2018.07.01"]
[Round "2"]
[White "Smith, Axel"]
[Black "Cramling, Pia"]
[Result "1/2-1/2"]
[ECO "A13"]
[WhiteElo "2491"]
[BlackElo "2452"]
[Annotator "ChessBase"]
[PlyCount "56"]
[EventDate "2018.06.30"]
[EventType "tourn"]
[EventCountry "SWE"]
[SourceTitle "playchess.com"]
[Source "ChessBase"]
[SourceQuality "1"]
[TimeControl "40/5400+30:1800+30"]

1. c4 e6 2. Nc3 Bb4 3. e4 Ne7 4. Nf3 O-O 5. d4 d6 6. Qb3 c5 7. a3 Bxc3+ 8. Qxc3 cxd4 9. Nxd4 e5 10. Nc2 Be6 11. Bd3 Nd7 12. Ne3 Rc8 13. O-O b5 14. b3 Nb6 15. Bb2 bxc4 16. Bxc4 Bxc4 17. bxc4 Qd7 18. Rac1 Qe6 19. Qd3 Rc6 20. Rc2 Rfc8 21. Rfc1 Rc5 22. Nd5 Nc6 23. Nxb6 axb6 24. Qb3 Rb8 25. a4 Na5 26. Qb4 Nc6 27. Qb3 Na5 28. Qb4 Nc6 1/2-1/2

[Event "SWE-ch 2018"]
[Site "Ronneby"]
[Date "2018.07.01"]
[Round "2"]
[White "Von Bahr, Oskar"]
[Black "Grandelius, Nils"]
[Result "0-1"]
[ECO "A06"]
[WhiteElo "2432"]
[BlackElo "2668"]
[Annotator "ChessBase"]
[PlyCount "62"]
[EventDate "2018.06.30"]
[EventType "tourn"]
[EventCountry "SWE"]
[SourceTitle "playchess.com"]
[Source "ChessBase"]
[SourceQuality "1"]
[TimeControl "40/5400+30:1800+30"]

1. Nf3 d5 2. g3 Nd7 3. c4 dxc4 4. Qa4 g6 5. Bg2 Bg7 6. O-O Nh6 7. Qxc4 O-O 8. d3 Nb6 9. Qc2 Nf5 10. Nbd2 Bd7 11. Rb1 Rc8 12. Nc4 c5 13. e3 Nxc4 14. dxc4 Nd6 15. Nd2 Qa5 16. b3 b5 17. Rd1 Bg4 18. Bf3 Bf5 19. e4 Be6 20. Be2 Rfd8 21. Kg2 h5 22. f3 Rb8 23. cxb5 Nxb5 24. Bxb5 Qxb5 25. Re1 Rd3 26. Bb2 Qd7 27. Re2 Bh3+ 28. Kh1 Bxb2 29. Rxb2 Qd4 30. Rb1 Rd8 31. Rb2 Re3 0-1

[Event "SWE-ch 2018"]
[Site "Ronneby"]
[Date "2018.07.03"]
[Round "4"]
[White "Westerberg, Jonathan"]
[Black "Grandelius, Nils"]
[Result "0-1"]
[ECO "D02"]
[WhiteElo "2517"]
[BlackElo "2668"]
[Annotator "ChessBase"]
[PlyCount "80"]
[EventDate "2018.06.30"]
[EventType "tourn"]
[EventCountry "SWE"]
[SourceTitle "playchess.com"]
[Source "ChessBase"]
[SourceQuality "1"]
[TimeControl "40/5400+30:1800+30"]

1. d4 Nf6 2. Nf3 d5 3. Bf4 e6 4. e3 Bd6 5. Bxd6 cxd6 6. c4 dxc4 7. Bxc4 O-O 8. O-O a6 9. Nbd2 Nc6 10. Be2 e5 11. dxe5 dxe5 12. Nc4 e4 13. Qxd8 Rxd8 14. Nfe5 Nxe5 15. Nxe5 Be6 16. Bc4 Nd5 17. Bb3 a5 18. a3 a4 19. Ba2 Rac8 20. Rfd1 b5 21. h3 f6 22. Ng4 Nc7 23. Rxd8+ Rxd8 24. Bxe6+ Nxe6 25. Nh2 Rd2 26. Rb1 Nc5 27. Nf1 Rc2 28. Ng3 g6 29. Rd1 Rxb2 30. Rd8+ Kf7 31. Rc8 Nd3 32. Nxe4 b4 33. axb4 a3 34. Ra8 a2 35. Kh2 Nxb4 36. Ra7+ Ke6 37. Nc3 Rxf2 38. Kg3 Rc2 39. Nxa2 Rxa2 40. Rxh7 Nd5 0-1

[Event "SWE-ch 2018"]
[Site "Ronneby"]
[Date "2018.07.03"]
[Round "4"]
[White "Tikkanen, Hans"]
[Black "Seo, Jung Min"]
[Result "1-0"]
[ECO "D05"]
[WhiteElo "2495"]
[BlackElo "2347"]
[Annotator "ChessBase"]
[PlyCount "123"]
[EventDate "2018.06.30"]
[EventType "tourn"]
[EventCountry "SWE"]
[SourceTitle "playchess.com"]
[Source "ChessBase"]
[SourceQuality "1"]
[TimeControl "40/5400+30:1800+30"]

1. d4 Nf6 2. Nf3 d5 3. e3 e6 4. Bd3 Be7 5. Nbd2 Nbd7 6. Qe2 c5 7. c3 O-O 8. O-O b6 9. e4 dxe4 10. Nxe4 Bb7 11. Neg5 h6 12. Nh3 cxd4 13. cxd4 Nd5 14. a3 Re8 15. Ne5 Nxe5 16. dxe5 Bf8 17. Qg4 Ne3 18. Bxe3 Qxd3 19. Bxh6 Rad8 20. Be3 Qb5 21. Bd4 Qc6 22. Bc3 Qe4 23. Qxe4 Bxe4 24. Rfe1 Bf5 25. Ng5 Bc5 26. Ne4 Be7 27. f3 Rd5 28. Kf2 Red8 29. Ke2 Kf8 30. h4 Ke8 31. Rh1 Rd3 32. Nf2 R3d5 33. Rac1 Bc5 34. h5 Bxf2 35. Kxf2 Bd3 36. Rh4 Bb5 37. h6 gxh6 38. Rxh6 a5 39. Rch1 Rd1 40. Rxd1 Rxd1 41. Rh8+ Kd7 42. Rf8 Bc4 43. Rxf7+ Kc6 44. g4 Rd8 45. Kg3 a4 46. Rf6 Rg8 47. Rf4 b5 48. Rd4 Bd5 49. Bb4 Rh8 50. g5 Rg8 51. Kg4 Kd7 52. f4 Ke8 53. Rxd5 exd5 54. f5 d4 55. e6 d3 56. f6 Rf8 57. f7+ Kd8 58. e7+ Kd7 59. exf8=Q d2 60. Qd6+ Kc8 61. f8=Q+ Kb7 62. Qfb8# 1-0

[Event "SWE-ch 2018"]
[Site "Ronneby"]
[Date "2018.07.03"]
[Round "4"]
[White "Smith, Axel"]
[Black "Hillarp Persson, Tiger"]
[Result "1/2-1/2"]
[ECO "B06"]
[WhiteElo "2491"]
[BlackElo "2534"]
[Annotator "ChessBase"]
[PlyCount "102"]
[EventDate "2018.06.30"]
[EventType "tourn"]
[EventCountry "SWE"]
[SourceTitle "playchess.com"]
[Source "ChessBase"]
[SourceQuality "1"]
[TimeControl "40/5400+30:1800+30"]

1. d4 g6 2. e4 Bg7 3. Nf3 d6 4. Bc4 Nf6 5. Qe2 O-O 6. e5 dxe5 7. dxe5 Nd5 8. O-O Bg4 9. Nbd2 Nb6 10. h3 Nxc4 11. hxg4 Nxd2 12. Bxd2 Nc6 13. Bc3 e6 14. g5 a6 15. Rad1 Qe7 16. Qe4 Rfd8 17. a3 Rxd1 18. Rxd1 Rd8 19. Rd3 Rd7 20. a4 Qd8 21. Rxd7 Qxd7 22. Qe2 Qd5 23. b3 Bf8 24. Bb2 Be7 25. Kf1 Qd8 26. Bc1 Nd4 27. Qd3 Nxf3 28. Qxd8+ Bxd8 29. gxf3 Kf8 30. Ke2 Ke8 31. Kd3 Kd7 32. c4 Be7 33. Be3 Kc6 34. Kc3 b5 35. axb5+ axb5 36. b4 Bf8 37. Kb3 Bg7 38. Bf4 Kb6 39. Be3+ Kb7 40. Bf4 Kc6 41. Kc3 Bf8 42. Be3 Be7 43. Kb3 Bf8 44. Kc3 Bg7 45. Bf4 Kb6 46. Be3+ Ka6 47. Bf4 Bf8 48. Be3 Be7 49. Kb3 c6 50. Kc3 Kb7 51. c5 Kc7 1/2-1/2

[Event "SWE-ch 2018"]
[Site "Ronneby"]
[Date "2018.07.03"]
[Round "4"]
[White "Von Bahr, Oskar"]
[Black "Hector, Jonny"]
[Result "0-1"]
[ECO "C56"]
[WhiteElo "2434"]
[BlackElo "2499"]
[Annotator "ChessBase"]
[PlyCount "110"]
[EventDate "2018.06.30"]
[EventType "tourn"]
[EventCountry "SWE"]
[SourceTitle "playchess.com"]
[Source "ChessBase"]
[SourceQuality "1"]
[TimeControl "40/5400+30:1800+30"]

1. e4 e5 2. Nf3 Nc6 3. Bc4 Nf6 4. d4 exd4 5. e5 Ng4 6. O-O d6 7. exd6 Qxd6 8. h3 Nh6 9. Re1+ Be7 10. b3 Nf5 11. Ba3 Qf6 12. Nbd2 O-O 13. Ne4 Qg6 14. Bxe7 Nfxe7 15. Neg5 Qf6 16. Ne4 Qh6 17. Nxd4 Ne5 18. Qe2 N7g6 19. Ng3 Bd7 20. Bd3 Nxd3 21. Qxd3 Rad8 22. Rad1 c5 23. Ndf5 Qg5 24. Qe3 Qxe3 25. Rxe3 Bxf5 26. Rxd8 Rxd8 27. Nxf5 Rd1+ 28. Kh2 Kf8 29. Rc3 Rd5 30. Ne3 Re5 31. Kg3 b6 32. Rd3 Rg5+ 33. Ng4 h5 34. f4 Rf5 35. Ne3 h4+ 36. Kh2 Rxf4 37. Rd8+ Ke7 38. Ra8 Re4 39. Rxa7+ Ke6 40. Nc4 Re2 41. Ra6 Nf4 42. Rxb6+ Kf5 43. Nd6+ Kg6 44. a4 Rxg2+ 45. Kh1 Rxc2 46. a5 Ra2 47. a6 Nxh3 48. Ne4+ Kh5 49. Nc3 Ra1+ 50. Kh2 Kg4 51. b4 Ng5 52. bxc5 Nf3+ 53. Kg2 h3+ 54. Kf2 h2 55. Rb4+ Kh3 0-1

[Event "SWE-ch 2018"]
[Site "Ronneby"]
[Date "2018.07.04"]
[Round "5"]
[White "Hillarp Persson, Tiger"]
[Black "Blomqvist, Erik"]
[Result "1/2-1/2"]
[ECO "A04"]
[WhiteElo "2534"]
[BlackElo "2505"]
[Annotator "ChessBase"]
[PlyCount "54"]
[EventDate "2018.06.30"]
[EventType "tourn"]
[EventCountry "SWE"]
[SourceTitle "playchess.com"]
[Source "ChessBase"]
[SourceQuality "1"]
[TimeControl "40/5400+30:1800+30"]

1. Nf3 c5 2. c4 Nf6 3. b3 g6 4. Bb2 Bg7 5. g3 b6 6. Bg2 Bb7 7. O-O O-O 8. Nc3 Na6 9. a3 d5 10. Nxd5 Nxd5 11. Bxg7 Kxg7 12. cxd5 Qxd5 13. d4 Rfd8 14. e4 Qd6 15. d5 e6 16. dxe6 Qxe6 17. Qb1 Qxe4 18. Qb2+ Kg8 19. Rfe1 Qf5 20. Nh4 Qd7 21. Bxb7 Qxb7 22. Qf6 Re8 23. Nf5 gxf5 24. Qg5+ Kh8 25. Qf6+ Kg8 26. Qg5+ Kh8 27. Qf6+ Kg8 1/2-1/2

[Event "SWE-ch 2018"]
[Site "Ronneby"]
[Date "2018.07.04"]
[Round "5"]
[White "Hector, Jonny"]
[Black "Tikkanen, Hans"]
[Result "0-1"]
[ECO "B12"]
[WhiteElo "2499"]
[BlackElo "2495"]
[Annotator "RC"]
[PlyCount "90"]
[EventDate "2018.06.30"]
[EventType "tourn"]
[EventCountry "SWE"]
[SourceTitle "playchess.com"]
[Source "ChessBase"]
[SourceQuality "1"]
[TimeControl "40/5400+30:1800+30"]

1. e4 c6 2. d4 d5 3. e5 c5 4. dxc5 e6 5. a3 Bxc5 6. Nf3 Ne7 7. b4 Bb6 8. Bd3 a5 9. b5 Nd7 10. Bb2 Ng6 11. O-O Nc5 12. a4 O-O 13. Nbd2 Nxd3 14. cxd3 f6 15. exf6 gxf6 16. d4 Bc7 17. Re1 b6 18. Ra3 Ra7 19. g3 Bb8 20. Rae3 Re8 21. Nb3 Rg7 22. Nc1 h5 23. h4 Ne7 24. Nh2 Nf5 25. Rd3 Nxh4 26. Qxh5 Rh7 27. Qd1 Kf7 28. Nf3 Nf5 29. Ne2 Reh8 30. Bc1 Qg8 31. Kf1 Rh1+ 32. Neg1 Bxg3 33. Ng5+ fxg5 34. fxg3 Qh7 35. Qf3 g4 36. Qf2 Ke8 37. Re2 Bd7 38. Ke1 Nd6 39. Rde3 Ne4 40. Qg2 Qe7 41. Ba3 Qf6 42. Bb2 Qf5 43. Bc1 R8h7 44. Qf1 Rf7 45. Qg2 Rh2 0-1

[Event "SWE-ch 2018"]
[Site "Ronneby"]
[Date "2018.07.04"]
[Round "5"]
[White "Cramling, Pia"]
[Black "Von Bahr, Oskar"]
[Result "1/2-1/2"]
[ECO "A38"]
[WhiteElo "2452"]
[BlackElo "2434"]
[Annotator "ChessBase"]
[PlyCount "108"]
[EventDate "2018.06.30"]
[EventType "tourn"]
[EventCountry "SWE"]
[SourceTitle "playchess.com"]
[Source "ChessBase"]
[SourceQuality "1"]
[TimeControl "40/5400+30:1800+30"]

1. Nf3 Nf6 2. c4 c5 3. Nc3 Nc6 4. g3 g6 5. Bg2 Bg7 6. d4 cxd4 7. Nxd4 O-O 8. O-O Qa5 9. Nb3 Qh5 10. e4 Qxd1 11. Rxd1 d6 12. c5 dxc5 13. Nxc5 Bg4 14. f3 Bc8 15. Be3 b6 16. Nd3 e5 17. Rac1 Bb7 18. Nb5 Rfd8 19. Nf2 Ne8 20. a3 a6 21. Nc3 Nd4 22. Bxd4 exd4 23. Na4 Rab8 24. f4 Nd6 25. e5 Nf5 26. Bxb7 Rxb7 27. Nd3 f6 28. exf6 Bxf6 29. Rc6 Rd6 30. Rdc1 Be7 31. Kf2 a5 32. g4 Ne3 33. Kf3 Kf7 34. Ne5+ Ke8 35. Ke4 b5 36. Rxd6 Bxd6 37. Rc8+ Ke7 38. Nc5 Rc7 39. Rxc7+ Bxc7 40. Ncd3 Bb6 41. h3 Kd6 42. Nf7+ Ke7 43. Ng5 h5 44. gxh5 gxh5 45. Nf3 Kd6 46. Nfe5 a4 47. f5 Nc4 48. f6 Nxe5 49. Nxe5 Ke6 50. f7 Bc5 51. Nd3 Bf8 52. Kxd4 h4 53. Ke4 Bh6 54. Kd4 Bf8 1/2-1/2

[Event "SWE-ch 2018"]
[Site "Ronneby"]
[Date "2018.07.04"]
[Round "5"]
[White "Seo, Jung Min"]
[Black "Westerberg, Jonathan"]
[Result "0-1"]
[ECO "D02"]
[WhiteElo "2347"]
[BlackElo "2517"]
[Annotator "ChessBase"]
[PlyCount "76"]
[EventDate "2018.06.30"]
[EventType "tourn"]
[EventCountry "SWE"]
[SourceTitle "playchess.com"]
[Source "ChessBase"]
[SourceQuality "1"]
[TimeControl "40/5400+30:1800+30"]

1. d4 d5 2. Nf3 e6 3. g3 g6 4. Bg2 Bg7 5. O-O Ne7 6. c4 O-O 7. Nbd2 Nbc6 8. e3 a5 9. b3 b6 10. Re1 Ba6 11. cxd5 exd5 12. a3 Nf5 13. Bb2 Nce7 14. Qc2 Rc8 15. Rac1 c6 16. Nb1 c5 17. dxc5 bxc5 18. Bxg7 Nxg7 19. Rcd1 Qc7 20. Nc3 Rfd8 21. Rc1 Ne6 22. Na4 Bb5 23. Nc3 Bc6 24. Qb2 Qb8 25. Ne2 d4 26. exd4 Bxf3 27. Bxf3 cxd4 28. Rxc8 Qxc8 29. Rd1 d3 30. Nc3 Ng5 31. Bg2 Qg4 32. Re1 d2 33. Rxe7 d1=Q+ 34. Nxd1 Rxd1+ 35. Bf1 Nh3+ 36. Kg2 Nf4+ 37. Kg1 Rxf1+ 38. Kxf1 Qh3+ 0-1

[Event "SWE-ch 2018"]
[Site "Ronneby"]
[Date "2018.07.05"]
[Round "6"]
[White "Grandelius, Nils"]
[Black "Seo, Jung Min"]
[Result "1/2-1/2"]
[ECO "C43"]
[WhiteElo "2668"]
[BlackElo "2347"]
[Annotator "ChessBase"]
[PlyCount "81"]
[EventDate "2018.06.30"]
[EventType "tourn"]
[EventCountry "SWE"]
[SourceTitle "playchess.com"]
[Source "ChessBase"]
[SourceQuality "1"]
[TimeControl "40/5400+30:1800+30"]

1. e4 e5 2. Nf3 Nf6 3. d4 Nxe4 4. Bd3 d5 5. Nxe5 Nd7 6. Nxd7 Bxd7 7. Nc3 Nxc3 8. bxc3 Bd6 9. O-O Qh4 10. g3 Qe7 11. c4 dxc4 12. Re1 Be6 13. Bxc4 O-O-O 14. Bxe6+ fxe6 15. Qg4 Qd7 16. Bg5 Rde8 17. Rab1 h6 18. Be3 h5 19. Qe4 c6 20. Rb3 h4 21. Reb1 hxg3 22. hxg3 b6 23. c4 Bc7 24. c5 Qd5 25. Qxd5 exd5 26. cxb6 axb6 27. Kg2 Kd7 28. Bf4 Bxf4 29. gxf4 b5 30. Rg3 Re7 31. a4 Rb8 32. Rgb3 Re4 33. axb5 Rxb5 34. Rxb5 cxb5 35. Rxb5 Rxd4 36. Rb7+ Ke6 37. Rxg7 Rxf4 38. Kf1 Ra4 39. Ke2 Ra3 40. Rg5 Rb3 41. Rh5 {[%emt 0:30:04] Ke5} 1/2-1/2

[Event "SWE-ch 2018"]
[Site "Ronneby"]
[Date "2018.07.05"]
[Round "6"]
[White "Tikkanen, Hans"]
[Black "Cramling, Pia"]
[Result "1/2-1/2"]
[ECO "D02"]
[WhiteElo "2495"]
[BlackElo "2452"]
[Annotator "ChessBase"]
[PlyCount "42"]
[EventDate "2018.06.30"]
[EventType "tourn"]
[EventCountry "SWE"]
[SourceTitle "playchess.com"]
[Source "ChessBase"]
[SourceQuality "1"]
[TimeControl "40/5400+30:1800+30"]

1. d4 Nf6 2. Nf3 d5 3. Bf4 c5 4. e3 Nc6 5. Nbd2 cxd4 6. exd4 g6 7. h3 Bg7 8. c3 Bf5 9. Be2 O-O 10. O-O h6 11. Ne5 Nxe5 12. Bxe5 Ne4 13. Bxg7 Kxg7 14. Nxe4 Bxe4 15. f3 Bf5 16. g4 Qd6 17. gxf5 Qg3+ 18. Kh1 Qxh3+ 19. Kg1 Qg3+ 20. Kh1 Qh3+ 21. Kg1 Qg3+ 1/2-1/2

[Event "SWE-ch 2018"]
[Site "Ronneby"]
[Date "2018.07.05"]
[Round "6"]
[White "Von Bahr, Oskar"]
[Black "Hillarp Persson, Tiger"]
[Result "0-1"]
[ECO "A37"]
[WhiteElo "2434"]
[BlackElo "2534"]
[Annotator "ChessBase"]
[PlyCount "80"]
[EventDate "2018.06.30"]
[EventType "tourn"]
[EventCountry "SWE"]
[SourceTitle "playchess.com"]
[Source "ChessBase"]
[SourceQuality "1"]
[TimeControl "40/5400+30:1800+30"]

1. c4 c5 2. g3 g6 3. Bg2 Bg7 4. Nc3 Nc6 5. Nf3 d6 6. a3 Qd7 7. O-O h5 8. h4 Nh6 9. Rb1 b6 10. b4 Bb7 11. Nb5 Nf5 12. Bb2 Bxb2 13. Rxb2 Ncd4 14. Nfxd4 cxd4 15. e4 a6 16. exf5 Bxg2 17. Kxg2 axb5 18. Qf3 O-O 19. cxb5 Qxf5 20. Qxf5 gxf5 21. Ra1 Ra4 22. Kf3 Rc8 23. Ke2 Kg7 24. Kd3 e5 25. Raa2 Kf6 26. Rc2 Rca8 27. Rc6 Rxa3+ 28. Rxa3 Rxa3+ 29. Kc4 Ke6 30. Rxb6 Ra2 31. Ra6 Rc2+ 32. Kd3 Rb2 33. Kc4 Rc2+ 34. Kb3 Rxd2 35. Ra7 Rd3+ 36. Ka4 Rc3 37. b6 d3 38. b7 d2 39. b8=Q d1=Q+ 40. Kb5 Qd5+ 0-1

[Event "SWE-ch 2018"]
[Site "Ronneby"]
[Date "2018.07.06"]
[Round "7"]
[White "Hillarp Persson, Tiger"]
[Black "Tikkanen, Hans"]
[Result "1-0"]
[ECO "A48"]
[WhiteElo "2534"]
[BlackElo "2495"]
[Annotator "ChessBase"]
[PlyCount "115"]
[EventDate "2018.06.30"]
[EventType "tourn"]
[EventCountry "SWE"]
[SourceTitle "playchess.com"]
[Source "ChessBase"]
[SourceQuality "1"]
[TimeControl "40/5400+30:1800+30"]

1. d4 Nf6 2. Nf3 g6 3. c4 Bg7 4. Nc3 d6 5. h3 Nbd7 6. Bf4 O-O 7. e3 a6 8. Be2 c6 9. a4 a5 10. O-O Ne8 11. Qd2 Nc7 12. Rad1 Qe8 13. Bh2 Na6 14. Rfe1 e5 15. c5 dxc5 16. Bxa6 Rxa6 17. Ne4 Qe7 18. dxe5 Nxe5 19. Nxe5 Bxe5 20. Bxe5 Qxe5 21. Nd6 Qe7 22. e4 Be6 23. Qe3 b6 24. e5 Bd5 25. f4 f5 26. Rxd5 cxd5 27. Qd3 Ra7 28. Qxd5+ Kg7 29. Qc6 Rb8 30. Nc8 Qh4 31. Qf6+ Qxf6 32. exf6+ Kxf6 33. Nxa7 Rd8 34. Nb5 Rd2 35. Nc3 Rxb2 36. Nd5+ Kf7 37. Re7+ Kf8 38. Rb7 c4 39. Rc7 b5 40. axb5 Rxb5 41. Ne3 Rb3 42. Kf2 c3 43. Nd1 Rb1 44. Nxc3 Rc1 45. Rc5 Rc2+ 46. Kf3 Kg7 47. Na4 Rxc5 48. Nxc5 Kh6 49. Ke3 Kh5 50. g3 g5 51. Kd4 gxf4 52. gxf4 Kh4 53. Ke5 Kxh3 54. Kxf5 Kg3 55. Ke5 h5 56. f5 h4 57. Ne4+ Kg2 58. f6 1-0

[Event "SWE-ch 2018"]
[Site "Ronneby"]
[Date "2018.07.06"]
[Round "7"]
[White "Blomqvist, Erik"]
[Black "Von Bahr, Oskar"]
[Result "1-0"]
[ECO "C84"]
[WhiteElo "2505"]
[BlackElo "2434"]
[Annotator "ChessBase"]
[PlyCount "37"]
[EventDate "2018.06.30"]
[EventType "tourn"]
[EventCountry "SWE"]
[SourceTitle "playchess.com"]
[Source "ChessBase"]
[SourceQuality "1"]
[TimeControl "40/5400+30:1800+30"]

1. e4 e5 2. Nf3 Nc6 3. Bb5 a6 4. Ba4 Nf6 5. O-O Be7 6. d3 b5 7. Bb3 O-O 8. Nc3 d6 9. a3 Rb8 10. Be3 Na5 11. Ba2 c5 12. Nd5 c4 13. Nxe7+ Qxe7 14. Qd2 Nc6 15. h3 Be6 16. Ng5 d5 17. Nxe6 fxe6 18. Rae1 Nh5 19. exd5 1-0

[Event "SWE-ch 2018"]
[Site "Ronneby"]
[Date "2018.07.06"]
[Round "7"]
[White "Cramling, Pia"]
[Black "Westerberg, Jonathan"]
[Result "1/2-1/2"]
[ECO "A05"]
[WhiteElo "2452"]
[BlackElo "2517"]
[Annotator "ChessBase"]
[PlyCount "79"]
[EventDate "2018.06.30"]
[EventType "tourn"]
[EventCountry "SWE"]
[SourceTitle "playchess.com"]
[Source "ChessBase"]
[SourceQuality "1"]
[TimeControl "40/5400+30:1800+30"]

1. Nf3 Nf6 2. c4 b6 3. g3 Bb7 4. Bg2 g6 5. d4 e6 6. O-O Bg7 7. Nc3 Ne4 8. Nxe4 Bxe4 9. Bg5 f6 10. Be3 Nc6 11. d5 Ne7 12. dxe6 dxe6 13. Qxd8+ Rxd8 14. Rfd1 O-O 15. Nd4 Bxg2 16. Kxg2 Kf7 17. Nb5 f5 18. Rab1 Be5 19. Nxa7 Rxd1 20. Rxd1 Ra8 21. Nb5 Rxa2 22. Rd2 c6 23. Nd4 Bg7 24. Nf3 h6 25. Bxb6 Rxb2 26. Rxb2 Bxb2 27. Bc7 Kf6 28. Ne1 e5 29. Nd3 Bc3 30. f3 Bd4 31. e3 Bxe3 32. Bxe5+ Ke6 33. Kf1 Nc8 34. Ke2 Bg1 35. Kf1 Bb6 36. Bg7 h5 37. Nb4 Kd7 38. Nd3 Ke6 39. Nb4 Kd6 40. Nd3 {[%emt 0:01:36] Ke5} 1/2-1/2

[Event "SWE-ch 2018"]
[Site "Ronneby"]
[Date "2018.07.06"]
[Round "7"]
[White "Seo, Jung Min"]
[Black "Smith, Axel"]
[Result "1/2-1/2"]
[ECO "C01"]
[WhiteElo "2347"]
[BlackElo "2491"]
[Annotator "ChessBase"]
[PlyCount "101"]
[EventDate "2018.06.30"]
[EventType "tourn"]
[EventCountry "SWE"]
[SourceTitle "playchess.com"]
[Source "ChessBase"]
[SourceQuality "1"]
[TimeControl "40/5400+30:1800+30"]

1. e4 e6 2. d4 d5 3. exd5 exd5 4. Bf4 Nf6 5. Nf3 Bd6 6. Bxd6 Qxd6 7. c3 O-O 8. Be2 Nc6 9. O-O Bf5 10. Bd3 Be4 11. Bb5 a6 12. Bxc6 Bxf3 13. Qxf3 Qxc6 14. Nd2 Rae8 15. Qd3 Re6 16. Rfe1 Rfe8 17. Rxe6 Qxe6 18. Kf1 g5 19. h3 h5 20. Kg1 g4 21. hxg4 hxg4 22. Qg3 Qf5 23. Nf1 Re2 24. Ne3 Qg5 25. Rb1 c6 26. Kf1 Rd2 27. Ke1 Qg6 28. Qb8+ Kg7 29. Kxd2 Qxb1 30. Qe5 Qxb2+ 31. Nc2 Kg6 32. f3 Qb1 33. a4 a5 34. Ne3 b5 35. Nxg4 Nxg4 36. fxg4 Qe4 37. Qh5+ Kg7 38. axb5 cxb5 39. Qg5+ Kh7 40. Qh5+ Kg7 41. Qg5+ Kh7 42. Qh5+ Kg8 43. Qg5+ Kf8 44. Qd8+ Kg7 45. Qg5+ Kh7 46. Qh5+ Kg8 47. Qg5+ Kh8 48. Qh6+ Kg8 49. Qg5+ Kf8 50. Qd8+ Kg7 51. Qg5+ 1/2-1/2